 Dungeon Crawl Stone Soup version 0.21.1-1-g345015f (webtiles) character file.

16310 Flooderbenga the Reanimator (level 12, -4/91 HPs)
             Began as a Gnoll Necromancer on Apr 9, 2018.
             Was the Champion of Cheibriados.
             Killed from afar by Nikola (28 damage)
             ... with a chain lightning
             ... on level 2 of the Snake Pit.
             The game lasted 02:12:28 (3504 turns).

Flooderbenga the Reanimator (Gnoll Necromancer)     Turns: 3504, Time: 02:12:29

Health: -4/91      AC: 11    Str: 26    XL:     12   Next: 36%
Magic:  20/25      EV: 22    Int: 37    God:    Cheibriados [******]
Gold:   430        SH:  0    Dex: 31    Spells: 15/29 levels left

rFire    + + .     SeeInvis +   B - +0 blowgun
rCold    + . .     Gourm    .   (no shield)
rNeg     + . .     Faith    .   N - +0 steam dragon scales
rPois    .         Spirit   .   U - +1 hat {SInv}
rElec    .         Reflect  .   f - scarf {rC+ rF+}
rCorr    .         Harm     .   p - +0 pair of gloves
MR       .....                  o - +1 pair of boots
Stlth    +++++.....             (no amulet)
HPRegen  0.25/turn              V - ring of protection from fire
MPRegen  0.19/turn              n - ring of positive energy

@: very slow
A: distributed training, fangs 1, strong nose
a: Bend Time, Temporal Distortion, Slouch, Step From Time, Renounce Religion


You were on level 2 of the Snake Pit.
You worshipped Cheibriados.
Cheibriados was exalted by your worship.
You were not hungry.

You visited 3 branches of the dungeon, and saw 17 of its levels.
You also visited: Sewer.

You collected 430 gold pieces.

Inventory:

Hand Weapons
 a - a +1 dagger of electrocution
 b - a +2 spear of venom
 m - a +0 club
 s - a +0 hunting sling
 B - a +0 blowgun (weapon)
 Q - a +2 short sword of distortion
Missiles
 d - 21 stones
 E - 39 poisoned needles
 F - 34 sling bullets
 R - 7 curare-tipped needles (quivered)
 S - 46 arrows
Armour
 f - a scarf of resistance (worn)
 o - a +1 pair of boots (worn)
 p - a +0 pair of gloves (worn)
 r - a +1 robe of resistance
 N - +0 steam dragon scales (worn)
 O - a +0 helmet
 U - a +1 hat of see invisible (worn)
Jewellery
 e - an uncursed ring of see invisible
 n - a ring of positive energy (right hand)
 V - a ring of protection from fire (left hand)
Wands
 y - a wand of paralysis (24)
 D - a wand of scattershot (7)
 J - a wand of acid (5)
 L - a wand of enslavement (4) {@v5}
 M - a wand of flame (21)
 Y - a wand of polymorph (19)
Scrolls
 h - 5 scrolls of remove curse {@r2}
 j - a scroll of noise
 k - 2 scrolls of fear {@r5}
 l - 2 scrolls of amnesia
 w - 3 scrolls of teleportation {@r3}
 z - 6 scrolls of fog {@r4}
 A - 2 scrolls of magic mapping
 C - 2 scrolls of brand weapon
 H - 2 scrolls of immolation
 X - a scroll of enchant weapon
Potions
 g - a potion of flight
 i - a potion of mutation
 q - 3 potions of curing {@q1}
 t - a potion of might {@q4}
 v - 3 potions of heal wounds {unknown}
 x - a potion of magic
 G - 2 potions of brilliance {unknown}
 I - a potion of lignification
 K - 3 potions of haste {@q3}
 P - a potion of ambrosia
 T - a potion of agility {unknown}
 W - a potion of cancellation {unknown}
Books
 u - a book of Necromancy

   Spells                             Type                      Level
   a - Pain                           Necromancy                   1
   b - Animate Skeleton               Necromancy                   1
   c - Vampiric Draining              Necromancy                   3
   d - Regeneration                   Charms/Necromancy            3
   e - Animate Dead                   Necromancy                   4
   f - Borgnjor's Vile Clutch         Necromancy/Earth             5
Comestibles
 c - 24 rations
 Z - 4 chunks of flesh


   Skills:
 + Level 7.5 Fighting
 + Level 7.5 Short Blades
 + Level 7.5 Long Blades
 + Level 7.5 Axes
 + Level 7.5 Maces & Flails
 + Level 7.5 Polearms
 + Level 7.5 Staves
 + Level 7.5 Slings
 + Level 7.5 Bows
 + Level 7.5 Crossbows
 + Level 7.5 Throwing
 + Level 7.5 Armour
 + Level 8.9 Dodging
 + Level 8.7 Stealth
 + Level 7.5 Shields
 + Level 7.5 Unarmed Combat
 + Level 9.1 Spellcasting
 + Level 6.3 Conjurations
 + Level 6.3 Hexes
 + Level 6.3 Charms
 + Level 6.3 Summonings
 + Level 9.5 Necromancy
 + Level 6.3 Translocations
 + Level 6.3 Transmutations
 + Level 6.3 Fire Magic
 + Level 6.3 Ice Magic
 + Level 6.3 Air Magic
 + Level 6.3 Earth Magic
 + Level 6.3 Poison Magic
 + Level 8.3 Invocations
 + Level 7.5 Evocations


You had 15 spell levels left.
You knew the following spells:

 Your Spells              Type           Power        Failure   Level  Hunger
a - Pain                  Necr           ####         1%          1    None
b - Animate Dead          Necr           N/A          1%          4    None
c - Borgnjor's Vile Clut  Necr/Erth      ######....   2%          5    ###....
r - Regeneration          Chrm/Necr      ######....   1%          3    None
z - Animate Skeleton      Necr           N/A          1%          1    None


Dungeon Overview and Level Annotations

Branches:
Dungeon (11/15)            Temple (0/1) D:4            Lair (4/6) D:10
 Shoals (0/4) Lair:2        Snake (2/4) Lair:2
    Orc: D:9-12

Altars:
Cheibriados
Nemelex Xobeh

Annotations:
D:4 Flooderbenga's ghost, weakling GnNe
D:9 1 transporter, odemus's ghost, novice MiFi
Lair:1 exclusion: bullfrog
Snake:2 Nikola


Innate Abilities, Weirdness & Mutations

Your experience applies equally to all skills.
You have very sharp teeth.
Your uncanny sense of smell can sniff out nearby items.


Message History

Aim: Nikola, wielding a rapier of electrocution, wearing a cloak and wearing a pair of embroidered gloves (heavily wounded)
You shoot a curare-tipped needle. The curare-tipped needle hits Nikola.
Nikola is poisoned.
Nikola convulses.
Nikola seems to slow down.
Aim: Nikola, wielding a rapier of electrocution, wearing a cloak and wearing a pair of embroidered gloves (heavily wounded, slow, poisoned) Decaying hands burst forth from the earth!
Zombie hands grab Nikola.
The zombie hands constrict Nikola!
You now have 20/25 mp.
Here: Nikola, wielding a rapier of electrocution, wearing a cloak and wearing a pair of embroidered gloves (severely wounded, slow, poisoned, constricted by zombie hands)
A curare-tipped needle.
The floor, spattered with blood.
The zombie hands constrict Nikola!!
Nikola struggles to escape constriction.
Nikola casts a spell.
You hear a mighty clap of thunder!
The lightning arc hits you!
The lightning arc hits Nikola.
The lightning arc hits you!
* * * LOW HITPOINT WARNING * * *
The lightning arc hits Nikola.
The lightning arc hits you!
You die...

# [.####
......#
.......###
......@..###
...........##
.......@....#
###..........#
#####.......#
.........
.........
..........
...#......
...#######.


You could see Nikola.

Vanquished Creatures
  Gastronok (Lair:3)
  A hydra (Lair:3)
  Sonja (Lair:2)
  Pikel (D:4)
  A mana viper (Snake:1)
  A salamander (Snake:1)
  A black mamba (Lair:4)
  A spiny frog (Lair:2)
  A komodo dragon (D:10)
  A rime drake (Lair:2)
  2 polar bears (Lair:3)
  A troll (D:10)
  Grinder (D:4)
  11 blink frogs (Lair:2)
  4 hippogriffs
  10 yaks
  A basilisk (Lair:1)
  A steam dragon (D:10)
  4 nagas (Lair:2)
  2 water moccasins
  A porcupine (Lair:3)
  2 sky beasts
  2 ice beasts (D:6)
  An orc warrior (D:10)
  2 centaurs (Lair:2)
  An ogre (D:9)
  A crocodile (Lair:4)
  A big kobold (D:9)
  A gnoll sergeant (D:8)
  5 bullfrogs
  A scorpion (D:6)
  26 killer bees
  A howler monkey (D:6)
  3 crimson imps
  A hound (D:4)
  A gnoll shaman (D:5)
  A centaur skeleton (D:9)
  3 orc wizards
  2 worker ants
  A hound skeleton (D:6)
  9 adders
  10 gnolls
  8 river rats
  A shadow imp (D:5)
  2 oozes
  An adder skeleton (D:9)
  2 worms (D:5)
  2 leopard geckos (D:5)
  3 orcs
  3 giant cockroaches
  4 hobgoblins
  8 ball pythons
  5 bats
  2 frilled lizards
  7 goblins
  7 kobolds
  A leopard gecko skeleton (D:4)
  24 rats
  4 plants
207 creatures vanquished.

Vanquished Creatures (collateral kills)
  3 blink frogs (Lair:2)
  A porcupine (Lair:2)
  An ice beast (D:8)
  A centaur (Lair:2)
  2 bullfrogs (Lair:2)
  A killer bee (Lair:3)
  A jelly (D:10)
  An ooze (Sewer)
  3 ball pythons (Sewer)
  A fungus (Lair:2)
15 creatures vanquished.

Vanquished Creatures (others)
  A queen bee (Lair:3)
  A sky beast (D:5)
  A slave (D:5)
  A gnoll (D:5)
  An orc (D:5)
  2 fungi
7 creatures vanquished.

Grand Total: 229 creatures vanquished

Notes
Turn   | Place    | Note
-------+----------+-------------------------------------------
     0 | D:1      | Flooderbenga the Gnoll Necromancer began the quest for the Orb.
     0 | D:1      | Reached XP level 1. HP: 13/13 MP: 6/6
   200 | D:1      | Learned a level 1 spell: Animate Skeleton
   224 | D:1      | Reached XP level 2. HP: 14/19 MP: 2/7
   274 | D:1      | Found a snail-covered altar of Cheibriados.
   280 | D:1      | Became a worshipper of Cheibriados the Contemplative
   550 | D:3      | Reached XP level 3. HP: 19/25 MP: 6/9
   555 | D:3      | Learned a level 3 spell: Regeneration
   575 | D:4      | Reached skill level 5 in Spellcasting
   575 | D:4      | Reached skill level 1 in Invocations
   666 | D:3      | Found a sparkling altar of Nemelex Xobeh.
   727 | D:4      | Reached skill level 1 in Fighting
   727 | D:4      | Reached skill level 1 in Short Blades
   727 | D:4      | Reached skill level 1 in Long Blades
   727 | D:4      | Reached skill level 1 in Axes
   727 | D:4      | Reached skill level 1 in Maces & Flails
   727 | D:4      | Reached skill level 1 in Polearms
   727 | D:4      | Reached skill level 1 in Staves
   727 | D:4      | Reached skill level 1 in Slings
   727 | D:4      | Reached skill level 1 in Bows
   727 | D:4      | Reached skill level 1 in Crossbows
   727 | D:4      | Reached skill level 1 in Throwing
   727 | D:4      | Reached skill level 1 in Armour
   727 | D:4      | Reached skill level 1 in Shields
   727 | D:4      | Reached skill level 1 in Unarmed Combat
   727 | D:4      | Reached skill level 1 in Evocations
   734 | D:4      | Found a staircase to the Ecumenical Temple.
   760 | D:4      | Noticed Flooderbenga's ghost (weakling GnNe)
   776 | D:4      | Reached XP level 4. HP: 20/32 MP: 7/11
   854 | D:5      | Entered Level 5 of the Dungeon
   854 | D:5      | Noticed a slave
   854 | D:5      | Noticed a slave
   854 | D:5      | Noticed a slave
   859 | D:5      | Noticed Pikel
   860 | D:5      | Noticed a slave
   883 | D:4      | Reached skill level 5 in Stealth
   883 | D:4      | Reached XP level 5. HP: 24/42 MP: 12/14
   906 | D:4      | Noticed Grinder
   931 | D:5      | Learned a level 5 spell: Borgnjor's Vile Clutch
  1008 | D:4      | Killed Grinder
  1008 | D:4      | Reached * piety under Cheibriados
  1008 | D:4      | Reached XP level 6. HP: 42/48 MP: 4/15
  1046 | D:4      | Was placed under penance by Cheibriados
  1095 | D:4      | Killed Pikel
  1095 | D:4      | Reached XP level 7. HP: 38/55 MP: 0/17
  1144 | D:5      | Was forgiven by Cheibriados
  1146 | D:5      | Reached XP level 8. HP: 51/61 MP: 5/18
  1204 | D:5      | Found a glowing drain.
  1208 | Sewer    | Entered a sewer
  1243 | Sewer    | Reached skill level 5 in Invocations
  1379 | Sewer    | Reached ** piety under Cheibriados
  1647 | D:5      | Reached *** piety under Cheibriados
  1735 | D:5      | Reached skill level 5 in Fighting
  1735 | D:5      | Reached skill level 5 in Short Blades
  1735 | D:5      | Reached skill level 5 in Long Blades
  1735 | D:5      | Reached skill level 5 in Axes
  1735 | D:5      | Reached skill level 5 in Maces & Flails
  1735 | D:5      | Reached skill level 5 in Polearms
  1735 | D:5      | Reached skill level 5 in Staves
  1735 | D:5      | Reached skill level 5 in Slings
  1735 | D:5      | Reached skill level 5 in Bows
  1735 | D:5      | Reached skill level 5 in Crossbows
  1735 | D:5      | Reached skill level 5 in Throwing
  1735 | D:5      | Reached skill level 5 in Armour
  1735 | D:5      | Reached skill level 5 in Shields
  1735 | D:5      | Reached skill level 5 in Unarmed Combat
  1735 | D:5      | Reached skill level 5 in Evocations
  1735 | D:5      | Reached XP level 9. HP: 69/69 MP: 17/20
  2017 | D:9      | Found a transporter.
  2036 | D:8      | Reached skill level 5 in Conjurations
  2036 | D:8      | Reached skill level 5 in Hexes
  2036 | D:8      | Reached skill level 5 in Charms
  2036 | D:8      | Reached skill level 5 in Summonings
  2036 | D:8      | Reached skill level 5 in Translocations
  2036 | D:8      | Reached skill level 5 in Transmutations
  2036 | D:8      | Reached skill level 5 in Fire Magic
  2036 | D:8      | Reached skill level 5 in Ice Magic
  2036 | D:8      | Reached skill level 5 in Air Magic
  2036 | D:8      | Reached skill level 5 in Earth Magic
  2036 | D:8      | Reached skill level 5 in Poison Magic
  2052 | D:9      | Noticed odemus's ghost (novice MiFi)
  2130 | D:8      | Found Sepp's Assorted Antiques.
  2139 | D:8      | Reached XP level 10. HP: 70/76 MP: 15/21
  2229 | D:9      | Learned a level 4 spell: Animate Dead
  2308 | D:9      | Reached **** piety under Cheibriados
  2327 | D:10     | Entered Level 10 of the Dungeon
  2463 | D:10     | Found a staircase to the Lair.
  2486 | Lair:1   | Entered Level 1 of the Lair of Beasts
  2539 | Lair:3   | Noticed Gastronok
  2567 | Lair:2   | Noticed Sonja
  2569 | Lair:2   | Killed Sonja
  2688 | Lair:2   | Reached XP level 11. HP: 59/83 MP: 16/23
  2755 | Lair:2   | Reached ***** piety under Cheibriados
  2797 | Lair:2   | Found a staircase to the Shoals.
  2896 | Lair:3   | Killed Gastronok
  3151 | Lair:2   | Reached XP level 12. HP: 80/91 MP: 4/24
  3319 | Lair:3   | Noticed a six-headed hydra
  3328 | Lair:3   | Killed a six-headed hydra
  3439 | Lair:2   | Reached ****** piety under Cheibriados
  3457 | Lair:2   | Found a staircase to the Snake Pit.
  3462 | Snake:1  | Entered Level 1 of the Snake Pit
  3498 | Snake:2  | Noticed Nikola
  3504 | Snake:2  | Killed from afar by Nikola

Skill      XL: |  1  2  3  4  5  6  7  8  9 10 11 12 |
---------------+-------------------------------------+-----
Spellcasting   | 5 6 7 8 9 |  9.1
Invocations    | 1 4 6 7 8 |  8.3
Fighting       | 1 4 5 6 7 |  7.5
Short Blades   | 1 4 5 6 7 |  7.5
Long Blades    | 1 4 5 6 7 |  7.5
Axes           | 1 4 5 6 7 |  7.5
Maces & Flails | 1 4 5 6 7 |  7.5
Polearms       | 1 4 5 6 7 |  7.5
Staves         | 1 4 5 6 7 |  7.5
Slings         | 1 4 5 6 7 |  7.5
Bows           | 1 4 5 6 7 |  7.5
Crossbows      | 1 4 5 6 7 |  7.5
Throwing       | 1 4 5 6 7 |  7.5
Armour         | 1 4 5 6 7 |  7.5
Shields        | 1 4 5 6 7 |  7.5
Unarmed Combat | 1 4 5 6 7 |  7.5
Evocations     | 1 4 5 6 7 |  7.5
Dodging        | 6 7 8 |  8.9
Stealth        | 5 6 7 8 |  8.7
Conjurations   | 3 4 5 6 |  6.3
Hexes          | 3 4 5 6 |  6.3
Charms         | 3 4 5 6 |  6.3
Summonings     | 3 4 5 6 |  6.3
Translocations | 3 4 5 6 |  6.3
Transmutations | 3 4 5 6 |  6.3
Fire Magic     | 3 4 5 6 |  6.3
Ice Magic      | 3 4 5 6 |  6.3
Air Magic      | 3 4 5 6 |  6.3
Earth Magic    | 3 4 5 6 |  6.3
Poison Magic   | 3 4 5 6 |  6.3
Necromancy     | 8 9 |  9.5

Action                   |  1- 3 |  4- 6 |  7- 9 | 10-12 || total
-------------------------+-------+-------+-------+-------++-------
Melee: Dagger            |       |       |    26 |    60 ||    86
       Punch             |       |       |     3 |    14 ||    17
       Whip              |       |       |    56 |       ||    56
       Bite              |       |       |    14 |    23 ||    37
       Spear             |       |       |       |    73 ||    73
 Fire: Hunting sling     |       |     6 |       |    15 ||    21
       Blowgun           |       |       |       |     2 ||     2
Throw: Stone             |     3 |       |     1 |     1 ||     5
 Cast: Pain              |    49 |    12 |    65 |    38 ||   164
       Animate Skeleton  |     2 |     1 |    11 |    14 ||    28
       Regeneration      |       |     3 |     1 |     2 ||     6
       Borgnjor's Vile C |       |     5 |    13 |    37 ||    55
       Animate Dead      |       |       |       |     1 ||     1
Evoke: Wand              |       |       |       |     4 ||     4
  Use: Scroll            |       |     9 |     5 |     8 ||    22
       Potion            |       |     4 |     3 |       ||     7
 Stab: Sleeping          |       |       |     6 |     6 ||    12
       Distracted        |       |       |       |     3 ||     3
  Eat: Ration            |       |     1 |       |     1 ||     2
       Chunk             |       |       |     5 |     4 ||     9
Armor: Robe              |       |     2 |    23 |     4 ||    29
       Steam dragon scal |       |       |       |    16 ||    16
Dodge: Dodged            |     6 |    13 |   107 |   128 ||   254
